Jets vs Senateurs
Created - 11 décembre 2016 at 06:44
Goals
|
| Jets |
0 |
0 |
1 |
1 |
| Senateurs |
0 |
1 |
2 |
3 |
|
Shots
|
| Jets |
10 |
8 |
8 |
26 |
| Senateurs |
8 |
7 |
15 |
30 |
|
1st period
No Goal
Penalties :
Derek Roy (Win) for Roughing (Minor) at 17:17, Dan Hamhuis (Ott) for Holding (Minor) at 18:11
2nd period
1. Senateurs , Dan Hamhuis 5 (Brad Richards) at 1:55
Penalties :
Fredrik Sjostrom (Win) for Holding (Minor) at 7:45, Carlo Colaiacovo (Ott) for Tripping (Minor) at 13:09, Milan Hejduk (Ott) for Holding Stick (Minor) at 16:26, Tyler Myers (Win) for Roughing (Minor) at 19:29
3rd period
2. Senateurs , Thomas Vanek 16 (Gilbert Brule, Dan Hamhuis) at 0:14 (PP)
3. Jets , Jussi Jokinen 7 (Brent Seabrook, Mikko Koivu) at 10:36 (PP)
4. Senateurs , Andrew Ebbett 2 (George Parros, Andy McDonald) at 16:15
Penalties :
Kurtis Foster (Ott) for Roughing (Minor) at 3:39, Darcy Hordichuk (Ott) for Holding (Minor) at 9:19, Adam Pardy (Win) for Holding (Minor) at 19:54
Goalie Stats
Kari Lehtonen (Win), 27 saves from 30 shots - (0,900), L, 7-8-1, 60:00 minutes
Ondrej Pavelec (Ott), 25 saves from 26 shots - (0,962), W, 8-6-2, 60:00 minutes
Players Stats for Jets
Player Name G A P +/- PIM S H SB GA TA FO MP PP MP PK MP
------------------------------------------------------------------------------------
Adam Pardy 0 0 0 -1 2 1 1 0 0 1 0/0 20:32 2:39 1:03
Anton Volchenkov 0 0 0 0 0 4 1 0 0 1 0/0 28:26 5:29 2:40
Benoit Pouliot 0 0 0 -2 0 3 0 0 0 0 6/10 25:18 4:21 2:33
Blake Wheeler 0 0 0 0 0 1 3 0 0 1 2/2 17:43 3:45 0:00
Brent Seabrook 0 1 1 0 0 3 1 4 2 0 0/0 28:26 5:29 2:40
Derek Roy 0 0 0 -2 2 2 1 1 0 1 11/22 20:03 4:23 1:43
Dmitri Kalinin 0 0 0 -1 0 2 1 1 1 0 0/0 19:48 2:39 1:01
Dustin Brown 0 0 0 -2 0 2 2 1 0 0 0/2 20:10 4:21 0:36
Eric Fehr 0 0 0 0 0 0 0 0 0 0 0/0 5:28 0:00 0:00
Fredrik Sjostrom 0 0 0 0 2 0 1 0 0 0 0/0 7:16 0:02 0:25
Jussi Jokinen 1 0 1 0 0 3 1 0 0 1 0/0 18:13 3:45 0:30
Kevin Klein 0 0 0 -1 0 0 0 0 0 0 0/0 11:46 0:00 0:02
Lee Stempniak 0 0 0 0 0 2 1 1 0 0 0/0 12:48 0:00 0:00
Marcel Hossa 0 0 0 0 0 0 0 0 0 0 1/1 3:39 0:00 0:00
Michael Rupp 0 0 0 0 0 1 1 0 0 0 0/0 12:03 0:00 0:00
Mikko Koivu 0 1 1 0 0 0 2 0 0 0 4/12 18:38 3:45 0:36
Paul Gaustad 0 0 0 0 0 2 0 0 0 0 4/8 13:51 0:02 1:03
Tyler Myers 0 0 0 -1 2 0 1 0 0 0 0/0 11:00 0:00 0:00
Players Stats for Senateurs
Player Name G A P +/- PIM S H SB GA TA FO MP PP MP PK MP
------------------------------------------------------------------------------------
Andrew Ebbett 1 0 1 1 0 1 1 1 0 0 2/4 10:16 0:00 1:02
Andy McDonald 0 1 1 1 0 2 1 0 0 0 0/0 9:09 0:00 0:44
B.J. Crombeen 0 0 0 1 0 3 6 1 0 0 0/0 14:36 1:44 0:00
Brad Richards 0 1 1 1 0 3 1 1 0 0 3/7 17:04 1:44 2:10
Brandon Dubinsky 0 0 0 0 0 1 0 0 0 0 2/5 10:36 0:00 0:00
Brenden Morrow 0 0 0 1 0 3 3 0 0 0 1/2 17:04 1:44 2:10
Carlo Colaiacovo 0 0 0 1 2 0 0 0 0 0 0/0 19:23 0:56 2:03
Dan Girardi 0 0 0 0 0 0 1 1 0 1 0/0 12:01 0:00 0:00
Dan Hamhuis 1 1 2 1 2 3 2 0 0 0 0/0 26:24 2:46 4:28
Darcy Hordichuk 0 0 0 0 2 1 1 0 1 0 0/0 10:44 0:00 0:00
George Parros 0 1 1 1 0 1 1 0 0 0 0/0 8:05 0:00 0:00
Gilbert Brule 0 1 1 0 0 1 1 1 2 0 21/39 22:13 1:59 5:11
Johan Franzen 0 0 0 0 0 3 3 0 0 0 0/0 15:59 1:59 0:00
Kurtis Foster 0 0 0 1 2 0 5 0 0 2 0/0 27:56 2:47 4:00
Milan Hejduk 0 0 0 0 2 2 0 0 1 0 0/0 10:45 0:00 0:00
Thomas Vanek 1 0 1 0 0 3 0 0 1 0 0/0 22:53 1:59 4:59
Vitaly Vishnevsky 0 0 0 1 0 3 2 0 0 0 0/0 20:48 0:56 3:15
Vladimir Mihalik 0 0 0 0 0 0 0 1 0 0 0/0 14:46 0:00 2:30
3 Stars
1 - Ondrej Pavelec (Ott)
2 - Dan Hamhuis (Ott)
3 - Andrew Ebbett (Ott)
Power Play
Jets - 1 on 5 Attempt(s) - 20,00%
Senateurs - 1 on 4 Attempt(s) - 25,00%
Penalty Kill
Jets - 3 on 4 Attempt(s) - 75,00%
- Score 0 goal in Penalty Kill
Senateurs - 4 on 5 Attempt(s) - 80,00%
- Score 0 goal in Penalty Kill
Team Stat
Jets - Hits : 17 - Faceoff Wins : 28 - Blocked Shots : 8 - Penalty Minutes : 8
Senateurs - Hits : 28 - Faceoff Wins : 29 - Blocked Shots : 6 - Penalty Minutes : 10
Official
Referees : Furlatt Eric and Hasenfratz Mike
Linesman : Pierre Racicot and Don Henderson
Game Notes
No Game Note
Finance
Level 1 -- Attendance: 5118 (85,30%) -- Ticket Income 409 440 $
Level 2 -- Attendance: 4646 (92,92%) -- Ticket Income 232 300 $
Level 3 -- Attendance: 1722 (86,10%) -- Ticket Income 51 660 $
Level 4 -- Attendance: 2854 (71,35%) -- Ticket Income 65 642 $
Luxury Box -- Attendance: 944 (94,40%) -- Ticket Income 146 320 $
Game was played at the Place Banque Scotia.
Total Attendance: 15284 (84,91%)
Total Ticket Income: 905 362 $
Other Income: 135 804 $
Total Income: 1 041 166 $
Jets
5 vs 5 Forward
Center Left Wing Right Wing Time % Phy DF OF
1 Derek Roy Benoit Pouliot Dustin Brown 40 1 2 2
2 Mikko Koivu Jussi Jokinen Blake Wheeler 30 1 2 2
3 Paul Gaustad Michael Rupp Lee Stempniak 20 1 2 2
4 Benoit Pouliot Fredrik Sjostrom Eric Fehr 10 1 2 2
5 vs 5 Defense
Defense Defense Time % Phy DF OF
1 Brent Seabrook Anton Volchenkov 40 1 2 2
2 Dmitri Kalinin Adam Pardy 30 1 2 2
3 Tyler Myers Kevin Klein 20 1 2 2
4 Brent Seabrook Anton Volchenkov 10 1 2 2
PowerPlay Forward
Center Left Wing Right Wing Time % Phy DF OF
1 Derek Roy Benoit Pouliot Dustin Brown 60 1 2 2
2 Mikko Koivu Jussi Jokinen Blake Wheeler 40 1 2 2
PowerPlay Defense
Defense Defense Time % Phy DF OF
1 Brent Seabrook Anton Volchenkov 60 1 2 2
2 Dmitri Kalinin Adam Pardy 40 1 2 2
Penalty Kill 4 Players Forward
Center Wing Time % Phy DF OF
1 Benoit Pouliot Derek Roy 60 1 2 2
2 Dustin Brown Mikko Koivu 40 1 2 2
Penalty Kill 4 Players Defense
Defense Defense Time % Phy DF OF
1 Brent Seabrook Anton Volchenkov 60 1 2 2
2 Dmitri Kalinin Adam Pardy 40 1 2 2
Penalty Kill - 3 Players Forward
Forward Time % Phy DF OF
1 Benoit Pouliot 60 1 2 2
2 Derek Roy 40 1 2 2
Penalty Kill - 3 Players Defense
Defense Defense Time % Phy DF OF
1 Brent Seabrook Anton Volchenkov 60 1 2 2
2 Dmitri Kalinin Adam Pardy 40 1 2 2
4 vs 4 Forward
Center Wing Time % Phy DF OF
1 Benoit Pouliot Derek Roy 60 1 2 2
2 Dustin Brown Mikko Koivu 40 1 2 2
4 vs 4 Defense
Defense Defense Time % Phy DF OF
1 Brent Seabrook Anton Volchenkov 60 1 2 2
2 Dmitri Kalinin Adam Pardy 40 1 2 2
Last Minutes Offensive
Center Left Wing Right Wing Defense Defense
Derek Roy Benoit Pouliot Dustin Brown Brent Seabrook Anton Volchenkov
Last Minutes Defensive
Center Left Wing Right Wing Defense Defense
Derek Roy Benoit Pouliot Dustin Brown Brent Seabrook Anton Volchenkov
Goaltenders
Starting : Kari Lehtonen
Backup : Jacob Markstrom
Extra Forwards
Normal : Marcel Hossa, Lee Stempniak, Paul Gaustad - PP : Marcel Hossa, Lee Stempniak - PK : Paul Gaustad
Extra Defensemen
Normal : Tyler Myers, Kevin Klein, Dmitri Kalinin - PP : Tyler Myers - PK : Kevin Klein, Dmitri Kalinin
Penalty Shots
Benoit Pouliot, Derek Roy, Dustin Brown, Mikko Koivu, Jussi Jokinen
Senateurs
5 vs 5 Forward
Center Left Wing Right Wing Time % Phy DF OF
1 Gilbert Brule Thomas Vanek Johan Franzen 40 1 2 2
2 Brad Richards Brenden Morrow B.J. Crombeen 30 1 2 2
3 Brandon Dubinsky Darcy Hordichuk Milan Hejduk 20 1 2 2
4 Andrew Ebbett Andy McDonald George Parros 10 1 2 2
5 vs 5 Defense
Defense Defense Time % Phy DF OF
1 Kurtis Foster Dan Hamhuis 40 1 2 2
2 Vitaly Vishnevsky Carlo Colaiacovo 30 1 2 2
3 Dan Girardi Vladimir Mihalik 20 1 2 2
4 Kurtis Foster Dan Hamhuis 10 1 2 2
PowerPlay Forward
Center Left Wing Right Wing Time % Phy DF OF
1 Gilbert Brule Thomas Vanek Johan Franzen 60 1 1 3
2 Brad Richards Brenden Morrow B.J. Crombeen 40 1 1 3
PowerPlay Defense
Defense Defense Time % Phy DF OF
1 Kurtis Foster Dan Hamhuis 60 1 2 2
2 Vitaly Vishnevsky Carlo Colaiacovo 40 1 2 2
Penalty Kill 4 Players Forward
Center Wing Time % Phy DF OF
1 Gilbert Brule Thomas Vanek 60 1 2 2
2 Brad Richards Brenden Morrow 40 1 2 2
Penalty Kill 4 Players Defense
Defense Defense Time % Phy DF OF
1 Kurtis Foster Dan Hamhuis 60 1 2 2
2 Vitaly Vishnevsky Carlo Colaiacovo 40 1 2 2
Penalty Kill - 3 Players Forward
Forward Time % Phy DF OF
1 Gilbert Brule 60 1 2 2
2 Thomas Vanek 40 1 2 2
Penalty Kill - 3 Players Defense
Defense Defense Time % Phy DF OF
1 Kurtis Foster Dan Hamhuis 60 1 2 2
2 Vitaly Vishnevsky Carlo Colaiacovo 40 1 2 2
4 vs 4 Forward
Center Wing Time % Phy DF OF
1 Gilbert Brule Thomas Vanek 60 1 2 2
2 Brad Richards Brenden Morrow 40 1 2 2
4 vs 4 Defense
Defense Defense Time % Phy DF OF
1 Kurtis Foster Dan Hamhuis 60 1 2 2
2 Vitaly Vishnevsky Carlo Colaiacovo 40 1 2 2
Last Minutes Offensive
Center Left Wing Right Wing Defense Defense
Gilbert Brule Thomas Vanek Johan Franzen Kurtis Foster Dan Hamhuis
Last Minutes Defensive
Center Left Wing Right Wing Defense Defense
Gilbert Brule Thomas Vanek Johan Franzen Kurtis Foster Dan Hamhuis
Goaltenders
Starting : Ondrej Pavelec
Backup : Jonas Gustavsson
Extra Forwards
Normal : Darcy Hordichuk, Andy McDonald, Andrew Ebbett - PP : Darcy Hordichuk, Andy McDonald - PK : Andrew Ebbett
Extra Defensemen
Normal : Dan Girardi, Vladimir Mihalik, Vitaly Vishnevsky - PP : Dan Girardi - PK : Vladimir Mihalik, Vitaly Vishnevsky
Penalty Shots
Gilbert Brule, Thomas Vanek, Brad Richards, Brenden Morrow, Johan Franzen
% Time on Ice - Jets
Lines # - Real PCT - Wanted PCT - Time Play
Normal Forward
1 - 30% - 40% - 13:58
2 - 33% - 30% - 15:35
3 - 26% - 20% - 12:03
4 - 12% - 10% - 5:28
Normal Defense
1 - 41% - 40% - 19:17
2 - 32% - 30% - 15:12
3 - 23% - 20% - 11:01
4 - 3% - 10% - 1:34
PP Forward
1 - 54% - 60% - 4:23
2 - 46% - 40% - 3:45
PP Defense
1 - 67% - 60% - 5:29
2 - 33% - 40% - 2:39
PK Forward
1 - 84% - 60% - 3:07
2 - 16% - 40% - 0:36
PK Defense
1 - 73% - 60% - 2:42
2 - 27% - 40% - 1:01
PK3 Forward
1 - 0% - 60%
2 - 0% - 40%
PK3 Defense
1 - 0% - 60%
2 - 0% - 40%
44 Forward
1 - 100% - 60% - 1:05
2 - 0% - 40% - 0:00
44 Defense
1 - 63% - 60% - 0:41
2 - 37% - 40% - 0:24
Last Minute Offensive - 0:00
Last Minute Defensive - 0:00
Total
Forward - 60:00
Defense - 60:00
|
% Time on Ice - Senateurs
Lines # - Real PCT - Wanted PCT - Time Play
Normal Forward
1 - 33% - 40% - 15:31
2 - 27% - 30% - 12:52
3 - 23% - 20% - 10:36
4 - 17% - 10% - 8:05
Normal Defense
1 - 41% - 40% - 19:18
2 - 33% - 30% - 15:26
3 - 21% - 20% - 9:50
4 - 5% - 10% - 2:30
PP Forward
1 - 53% - 60% - 1:59
2 - 47% - 40% - 1:44
PP Defense
1 - 75% - 60% - 2:47
2 - 25% - 40% - 0:56
PK Forward
1 - 73% - 60% - 5:58
2 - 27% - 40% - 2:10
PK Defense
1 - 69% - 60% - 5:37
2 - 31% - 40% - 2:31
PK3 Forward
1 - 0% - 60%
2 - 0% - 40%
PK3 Defense
1 - 0% - 60%
2 - 0% - 40%
44 Forward
1 - 72% - 60% - 0:47
2 - 28% - 40% - 0:18
44 Defense
1 - 57% - 60% - 0:37
2 - 43% - 40% - 0:28
Last Minute Offensive - 0:00
Last Minute Defensive - 0:00
Total
Forward - 60:00
Defense - 60:00
|
Play by Play
1st period
0:01 of 1st period - Derek Roy wins face-off versus Gilbert Brule in neutral zone.
0:49 of 1st period - Adam Pardy is hit by Darcy Hordichuk and loses puck.
1:05 of 1st period - Off-side.
1:06 of 1st period - Andrew Ebbett wins face-off versus Benoit Pouliot in neutral zone.
1:31 of 1st period - Thomas Vanek is hit by Blake Wheeler and loses puck.
1:56 of 1st period - Brent Seabrook is hit by Kurtis Foster.
2:00 of 1st period - Brent Seabrook is hit by Kurtis Foster.
2:42 of 1st period - Wrist shot by Mikko Koivu.
2:42 of 1st period - Shot Misses the Net.
3:14 of 1st period - Wrist shot by Milan Hejduk.
3:14 of 1st period - Stopped by Kari Lehtonen without a rebound.
3:15 of 1st period - Brandon Dubinsky wins face-off versus Mikko Koivu in Jets zone.
4:01 of 1st period - Snap shot by Brad Richards.
4:01 of 1st period - Shot Misses the Net.
4:03 of 1st period - Snap shot by B.J. Crombeen.
4:03 of 1st period - Stopped by Kari Lehtonen without a rebound.
4:04 of 1st period - Brenden Morrow wins face-off versus Paul Gaustad in Jets zone.
4:19 of 1st period - Slapshot by B.J. Crombeen.
4:19 of 1st period - Stopped by Kari Lehtonen with a rebound.
4:21 of 1st period - Slapshot by Carlo Colaiacovo.
4:21 of 1st period - Shot Blocked by Brent Seabrook.
4:23 of 1st period - Slapshot by Brad Richards.
4:23 of 1st period - Stopped by Kari Lehtonen without a rebound.
4:24 of 1st period - Benoit Pouliot wins face-off versus Gilbert Brule in Jets zone.
5:03 of 1st period - Anton Volchenkov is hit by B.J. Crombeen and loses puck.
6:49 of 1st period - Adam Pardy is hit by George Parros and loses puck.
7:02 of 1st period - Brent Seabrook is hit by Brenden Morrow and loses puck.
8:55 of 1st period - Mikko Koivu is hit by Dan Hamhuis and loses puck.
9:23 of 1st period - Vitaly Vishnevsky is hit by Lee Stempniak.
9:27 of 1st period - Dmitri Kalinin is hit by Kurtis Foster and loses puck.
9:50 of 1st period - Adam Pardy is hit by B.J. Crombeen and loses puck.
10:20 of 1st period - Wrist shot by Thomas Vanek.
10:20 of 1st period - Shot Misses the Net.
10:52 of 1st period - Wrist shot by Brenden Morrow.
10:52 of 1st period - Shot Misses the Net.
11:38 of 1st period - Slapshot by Brent Seabrook.
11:38 of 1st period - Shot Blocked by Andrew Ebbett.
11:40 of 1st period - Slapshot by Brent Seabrook.
11:40 of 1st period - Shot Misses the Net.
11:42 of 1st period - Slapshot by Anton Volchenkov.
11:42 of 1st period - Stopped by Ondrej Pavelec with a rebound.
11:44 of 1st period - Slapshot by Anton Volchenkov.
11:44 of 1st period - Stopped by Ondrej Pavelec with a rebound.
11:46 of 1st period - Slapshot by Brent Seabrook.
11:46 of 1st period - Stopped by Ondrej Pavelec without a rebound.
11:47 of 1st period - Derek Roy wins face-off versus Gilbert Brule in Senateurs zone.
11:54 of 1st period - Snap shot by Benoit Pouliot.
11:54 of 1st period - Shot Misses the Net.
11:56 of 1st period - Slapshot by Dmitri Kalinin.
11:56 of 1st period - Deflect By Derek Roy.
11:56 of 1st period - Stopped by Ondrej Pavelec without a rebound.
11:57 of 1st period - Gilbert Brule wins face-off versus Derek Roy in Senateurs zone.
12:04 of 1st period - Slapshot by Dan Hamhuis.
12:04 of 1st period - Shot Blocked by Derek Roy.
12:16 of 1st period - Wrist shot by Benoit Pouliot.
12:16 of 1st period - Shot Blocked by Gilbert Brule.
12:18 of 1st period - Slapshot by Adam Pardy.
12:18 of 1st period - Deflect By Benoit Pouliot.
12:18 of 1st period - Stopped by Ondrej Pavelec with a rebound.
12:36 of 1st period - Slapshot by Adam Pardy.
12:36 of 1st period - Shot Misses the Net.
12:38 of 1st period - Snap shot by Benoit Pouliot.
12:38 of 1st period - Stopped by Ondrej Pavelec without a rebound.
12:39 of 1st period - Brad Richards wins face-off versus Mikko Koivu in Senateurs zone.
12:48 of 1st period - Slapshot by Brenden Morrow.
12:48 of 1st period - Shot Misses the Net.
12:50 of 1st period - Slapshot by Vitaly Vishnevsky.
12:50 of 1st period - Stopped by Kari Lehtonen without a rebound.
12:51 of 1st period - Mikko Koivu wins face-off versus Brenden Morrow in Jets zone.
12:51 of 1st period - Mikko Koivu is hit by Vitaly Vishnevsky.
13:16 of 1st period - Dustin Brown is hit by Gilbert Brule and loses puck.
13:25 of 1st period - Snap shot by Gilbert Brule.
13:25 of 1st period - Stopped by Kari Lehtonen without a rebound.
13:26 of 1st period - Derek Roy wins face-off versus Gilbert Brule in Jets zone.
14:50 of 1st period - Snap shot by Jussi Jokinen.
14:50 of 1st period - Shot Misses the Net.
14:52 of 1st period - Slapshot by Jussi Jokinen.
14:52 of 1st period - Stopped by Ondrej Pavelec with a rebound.
15:06 of 1st period - Slapshot by Carlo Colaiacovo.
15:06 of 1st period - Shot Misses the Net.
15:27 of 1st period - Off-side.
15:28 of 1st period - Blake Wheeler wins face-off versus Gilbert Brule in neutral zone.
15:43 of 1st period - Snap shot by Jussi Jokinen.
15:43 of 1st period - Shot Misses the Net.
15:55 of 1st period - B.J. Crombeen is hit by Dustin Brown.
16:25 of 1st period - Slapshot by Dan Hamhuis.
16:25 of 1st period - Stopped by Kari Lehtonen with a rebound.
16:50 of 1st period - Wrist shot by Thomas Vanek.
16:50 of 1st period - Shot Misses the Net.
17:08 of 1st period - Wrist shot by Jussi Jokinen.
17:08 of 1st period - Shot Blocked by Dan Girardi.
17:10 of 1st period - Slapshot by Dmitri Kalinin.
17:10 of 1st period - Deflect By Vladimir Mihalik.
17:10 of 1st period - Stopped by Ondrej Pavelec without a rebound.
17:11 of 1st period - Gilbert Brule wins face-off versus Derek Roy in Senateurs zone.
17:17 of 1st period - Minor Penalty to Derek Roy for Roughing.
17:18 of 1st period - Benoit Pouliot wins face-off versus Gilbert Brule in Jets zone.
18:03 of 1st period - Icing by Kurtis Foster.
18:04 of 1st period - Paul Gaustad wins face-off versus Brad Richards in Senateurs zone.
18:11 of 1st period - Minor Penalty to Dan Hamhuis for Holding.
18:12 of 1st period - Gilbert Brule wins face-off versus Benoit Pouliot in Senateurs zone.
19:11 of 1st period - Paul Gaustad is hit by Brad Richards and loses puck.
19:17 of 1st period - Penalty to Derek Roy is over, Derek Roy is back on ice.
19:18 of 1st period - Slapshot by Brenden Morrow.
19:18 of 1st period - Stopped by Kari Lehtonen without a rebound.
19:19 of 1st period - Mikko Koivu wins face-off versus Gilbert Brule in Jets zone.
19:26 of 1st period - Backhand shot by Anton Volchenkov.
19:26 of 1st period - Shot Misses the Net.
19:28 of 1st period - Slapshot by Anton Volchenkov.
19:28 of 1st period - Deflect By Jussi Jokinen.
19:28 of 1st period - Stopped by Ondrej Pavelec without a rebound.
19:29 of 1st period - Gilbert Brule wins face-off versus Mikko Koivu in Senateurs zone.
19:38 of 1st period - Thomas Vanek is hit by Jussi Jokinen and loses puck.
19:43 of 1st period - Snap shot by Jussi Jokinen.
19:43 of 1st period - Shot Blocked by Vladimir Mihalik.
19:45 of 1st period - Slapshot by Brent Seabrook.
19:45 of 1st period - Shot Misses the Net.
19:47 of 1st period - Slapshot by Anton Volchenkov.
19:47 of 1st period - Stopped by Ondrej Pavelec without a rebound.
19:48 of 1st period - Gilbert Brule wins face-off versus Derek Roy in Senateurs zone.
Goals for this period are 0 for Jets vs 0 for Senateurs.
Shots for this period are 10 for Jets vs 8 for Senateurs.
2nd period
0:01 of 2nd period - Derek Roy wins face-off versus Gilbert Brule in neutral zone.
0:11 of 2nd period - Penalty to Dan Hamhuis is over, Dan Hamhuis is back on ice.
0:12 of 2nd period - Slapshot by Benoit Pouliot.
0:12 of 2nd period - Shot Misses the Net.
0:50 of 2nd period - Off-side.
0:51 of 2nd period - Derek Roy wins face-off versus Andrew Ebbett in neutral zone.
1:01 of 2nd period - Icing by George Parros.
1:02 of 2nd period - Andrew Ebbett wins face-off versus Dustin Brown in Senateurs zone.
1:14 of 2nd period - Andrew Ebbett is hit by Dustin Brown and loses puck.
1:19 of 2nd period - Wrist shot by Dustin Brown.
1:19 of 2nd period - Stopped by Ondrej Pavelec without a rebound.
1:20 of 2nd period - Gilbert Brule wins face-off versus Mikko Koivu in Senateurs zone.
1:25 of 2nd period - Jussi Jokinen is hit by Johan Franzen and loses puck.
1:32 of 2nd period - Dan Hamhuis is hit by Blake Wheeler and loses puck.
1:55 of 2nd period - Snap shot by Dan Hamhuis.
1:55 of 2nd period - Goal by Dan Hamhuis - Jets : 0 - Senateurs : 1.
1:56 of 2nd period - Gilbert Brule wins face-off versus Derek Roy in neutral zone.
2:03 of 2nd period - Slapshot by Gilbert Brule.
2:03 of 2nd period - Shot Blocked by Dustin Brown.
2:33 of 2nd period - Wrist shot by Milan Hejduk.
2:33 of 2nd period - Deflect By Darcy Hordichuk.
2:33 of 2nd period - Shot Misses the Net.
2:33 of 2nd period - Puck is out of play.
2:34 of 2nd period - Gilbert Brule wins face-off versus Mikko Koivu in Jets zone.
3:54 of 2nd period - Backhand shot by Thomas Vanek.
3:54 of 2nd period - Stopped by Kari Lehtonen with a rebound.
4:43 of 2nd period - Snap shot by George Parros.
4:43 of 2nd period - Shot Misses the Net.
4:49 of 2nd period - Andy McDonald is hit by Tyler Myers and loses puck.
5:02 of 2nd period - Johan Franzen is hit by Fredrik Sjostrom and loses puck.
5:18 of 2nd period - Off-side.
5:19 of 2nd period - Gilbert Brule wins face-off versus Mikko Koivu in neutral zone.
6:32 of 2nd period - Andrew Ebbett is hit by Blake Wheeler and loses puck.
6:37 of 2nd period - Snap shot by Brent Seabrook.
6:37 of 2nd period - Deflect By Jussi Jokinen.
6:37 of 2nd period - Shot Misses the Net.
6:37 of 2nd period - Puck is out of play.
6:38 of 2nd period - Gilbert Brule wins face-off versus Derek Roy in Senateurs zone.
6:55 of 2nd period - Slapshot by Gilbert Brule.
6:55 of 2nd period - Shot Blocked by Dmitri Kalinin.
7:05 of 2nd period - Jussi Jokinen is hit by Dan Girardi and loses puck.
7:29 of 2nd period - Tyler Myers is hit by Kurtis Foster and loses puck.
7:45 of 2nd period - Minor Penalty to Fredrik Sjostrom for Holding.
7:46 of 2nd period - Benoit Pouliot wins face-off versus Gilbert Brule in Jets zone.
8:02 of 2nd period - Snap shot by Thomas Vanek.
8:02 of 2nd period - Shot Blocked by Brent Seabrook.
8:22 of 2nd period - Brent Seabrook is hit by B.J. Crombeen and loses puck.
9:41 of 2nd period - Brenden Morrow is hit by Adam Pardy and loses puck.
9:45 of 2nd period - Penalty to Fredrik Sjostrom is over, Fredrik Sjostrom is back on ice.
9:50 of 2nd period - Slapshot by Dustin Brown.
9:50 of 2nd period - Shot Blocked by B.J. Crombeen.
10:17 of 2nd period - Dustin Brown is hit by Brenden Morrow.
10:54 of 2nd period - Wrist shot by Mikko Koivu.
10:54 of 2nd period - Shot Blocked by Brad Richards.
10:59 of 2nd period - Off-side.
11:00 of 2nd period - Gilbert Brule wins face-off versus Paul Gaustad in neutral zone.
11:03 of 2nd period - Slapshot by Vitaly Vishnevsky.
11:03 of 2nd period - Shot Misses the Net.
11:11 of 2nd period - Snap shot by Lee Stempniak.
11:11 of 2nd period - Stopped by Ondrej Pavelec with a rebound.
11:13 of 2nd period - Slapshot by Lee Stempniak.
11:13 of 2nd period - Shot Misses the Net.
11:32 of 2nd period - Slapshot by Dmitri Kalinin.
11:32 of 2nd period - Stopped by Ondrej Pavelec without a rebound.
11:33 of 2nd period - Paul Gaustad wins face-off versus Brandon Dubinsky in Senateurs zone.
11:34 of 2nd period - Wrist shot by Michael Rupp.
11:34 of 2nd period - Stopped by Ondrej Pavelec with a rebound.
12:17 of 2nd period - Slapshot by Andy McDonald.
12:17 of 2nd period - Stopped by Kari Lehtonen without a rebound.
12:18 of 2nd period - Marcel Hossa wins face-off versus Andrew Ebbett in Jets zone.
12:18 of 2nd period - Marcel Hossa is hit by Andrew Ebbett.
12:24 of 2nd period - Andrew Ebbett is hit by Brent Seabrook and loses puck.
12:58 of 2nd period - Snap shot by Jussi Jokinen.
12:58 of 2nd period - Shot Hit the Post.
13:00 of 2nd period - Slapshot by Anton Volchenkov.
13:00 of 2nd period - Stopped by Ondrej Pavelec with a rebound.
13:04 of 2nd period - Wrist shot by Brent Seabrook.
13:04 of 2nd period - Stopped by Ondrej Pavelec without a rebound.
13:05 of 2nd period - Benoit Pouliot wins face-off versus Gilbert Brule in Senateurs zone.
13:09 of 2nd period - Minor Penalty to Carlo Colaiacovo for Tripping.
13:10 of 2nd period - Derek Roy wins face-off versus Gilbert Brule in Senateurs zone.
14:43 of 2nd period - Thomas Vanek is hit by Dmitri Kalinin and loses puck.
15:09 of 2nd period - Penalty to Carlo Colaiacovo is over, Carlo Colaiacovo is back on ice.
15:26 of 2nd period - Snap shot by Brandon Dubinsky.
15:26 of 2nd period - Deflect By Milan Hejduk.
15:26 of 2nd period - Stopped by Kari Lehtonen with a rebound.
15:28 of 2nd period - Slapshot by Vitaly Vishnevsky.
15:28 of 2nd period - Stopped by Kari Lehtonen with a rebound.
15:50 of 2nd period - Snap shot by Andy McDonald.
15:50 of 2nd period - Stopped by Kari Lehtonen without a rebound.
15:51 of 2nd period - Brad Richards wins face-off versus Paul Gaustad in Jets zone.
16:26 of 2nd period - Minor Penalty to Milan Hejduk for Holding Stick.
16:27 of 2nd period - Gilbert Brule wins face-off versus Derek Roy in Senateurs zone.
17:07 of 2nd period - Brenden Morrow is hit by Mikko Koivu and loses puck.
17:51 of 2nd period - Icing by Blake Wheeler.
17:52 of 2nd period - Blake Wheeler wins face-off versus Gilbert Brule in Jets zone.
18:26 of 2nd period - Penalty to Milan Hejduk is over, Milan Hejduk is back on ice.
18:49 of 2nd period - Wrist shot by Paul Gaustad.
18:49 of 2nd period - Stopped by Ondrej Pavelec without a rebound.
18:50 of 2nd period - Brad Richards wins face-off versus Derek Roy in Senateurs zone.
18:59 of 2nd period - Slapshot by Brad Richards.
18:59 of 2nd period - Stopped by Kari Lehtonen with a rebound.
19:13 of 2nd period - Slapshot by Paul Gaustad.
19:13 of 2nd period - Stopped by Ondrej Pavelec with a rebound.
19:29 of 2nd period - Minor Penalty to Tyler Myers for Roughing.
19:30 of 2nd period - Benoit Pouliot wins face-off versus Gilbert Brule in Jets zone.
19:43 of 2nd period - Wrist shot by Thomas Vanek.
19:43 of 2nd period - Shot Misses the Net.
Goals for this period are 0 for Jets vs 1 for Senateurs.
Shots for this period are 8 for Jets vs 7 for Senateurs.
3rd period
0:01 of 3rd period - Gilbert Brule wins face-off versus Benoit Pouliot in neutral zone.
0:14 of 3rd period - Wrist shot by Thomas Vanek.
0:14 of 3rd period - Goal by Thomas Vanek - Jets : 0 - Senateurs : 2.
0:15 of 3rd period - Gilbert Brule wins face-off versus Derek Roy in neutral zone.
0:18 of 3rd period - Brent Seabrook is hit by Johan Franzen.
0:54 of 3rd period - Carlo Colaiacovo is hit by Michael Rupp.
0:58 of 3rd period - Wrist shot by Gilbert Brule.
0:58 of 3rd period - Deflect By Thomas Vanek.
0:58 of 3rd period - Stopped by Kari Lehtonen with a rebound.
1:00 of 3rd period - Slapshot by Carlo Colaiacovo.
1:00 of 3rd period - Shot Blocked by Lee Stempniak.
1:02 of 3rd period - Slapshot by Vitaly Vishnevsky.
1:02 of 3rd period - Deflect By Johan Franzen.
1:02 of 3rd period - Stopped by Kari Lehtonen without a rebound.
1:03 of 3rd period - Derek Roy wins face-off versus Brad Richards in Jets zone.
1:30 of 3rd period - Darcy Hordichuk is hit by Mikko Koivu and loses puck.
1:49 of 3rd period - Snap shot by Andrew Ebbett.
1:49 of 3rd period - Shot Misses the Net.
1:55 of 3rd period - Snap shot by Lee Stempniak.
1:55 of 3rd period - Stopped by Ondrej Pavelec without a rebound.
1:56 of 3rd period - Gilbert Brule wins face-off versus Dustin Brown in Senateurs zone.
1:56 of 3rd period - Gilbert Brule is hit by Derek Roy.
2:22 of 3rd period - Mikko Koivu is hit by B.J. Crombeen and loses puck.
2:27 of 3rd period - Snap shot by Brenden Morrow.
2:27 of 3rd period - Stopped by Kari Lehtonen with a rebound.
2:29 of 3rd period - Snap shot by Brenden Morrow.
2:29 of 3rd period - Shot Blocked by Brent Seabrook.
2:31 of 3rd period - Snap shot by Brenden Morrow.
2:31 of 3rd period - Stopped by Kari Lehtonen without a rebound.
2:32 of 3rd period - Derek Roy wins face-off versus Gilbert Brule in Jets zone.
2:41 of 3rd period - Slapshot by Derek Roy.
2:41 of 3rd period - Shot Misses the Net.
3:10 of 3rd period - Off-side.
3:11 of 3rd period - Derek Roy wins face-off versus Gilbert Brule in neutral zone.
3:25 of 3rd period - Anton Volchenkov is hit by Johan Franzen and loses puck.
3:39 of 3rd period - Minor Penalty to Kurtis Foster for Roughing.
3:40 of 3rd period - Gilbert Brule wins face-off versus Derek Roy in Senateurs zone.
4:56 of 3rd period - Jussi Jokinen is hit by Vitaly Vishnevsky and loses puck.
5:39 of 3rd period - Penalty to Kurtis Foster is over, Kurtis Foster is back on ice.
5:50 of 3rd period - Snap shot by Andrew Ebbett.
5:50 of 3rd period - Shot Blocked by Brent Seabrook.
6:58 of 3rd period - Slapshot by Brad Richards.
6:58 of 3rd period - Shot Misses the Net.
7:18 of 3rd period - Snap shot by Milan Hejduk.
7:18 of 3rd period - Shot Misses the Net.
7:48 of 3rd period - Wrist shot by Johan Franzen.
7:48 of 3rd period - Stopped by Kari Lehtonen with a rebound.
7:50 of 3rd period - Wrist shot by Johan Franzen.
7:50 of 3rd period - Stopped by Kari Lehtonen with a rebound.
7:56 of 3rd period - Wrist shot by Gilbert Brule.
7:56 of 3rd period - Deflect By Andy McDonald.
7:56 of 3rd period - Shot Misses the Net.
7:56 of 3rd period - Puck is out of play.
7:57 of 3rd period - Mikko Koivu wins face-off versus Brad Richards in Jets zone.
7:57 of 3rd period - Mikko Koivu is hit by B.J. Crombeen.
8:10 of 3rd period - Jussi Jokinen is hit by B.J. Crombeen and loses puck.
9:19 of 3rd period - Minor Penalty to Darcy Hordichuk for Holding.
9:20 of 3rd period - Gilbert Brule wins face-off versus Derek Roy in Senateurs zone.
9:33 of 3rd period - Snap shot by Brent Seabrook.
9:33 of 3rd period - Stopped by Ondrej Pavelec with a rebound.
10:06 of 3rd period - Snap shot by Dustin Brown.
10:06 of 3rd period - Stopped by Ondrej Pavelec without a rebound.
10:07 of 3rd period - Gilbert Brule wins face-off versus Mikko Koivu in Senateurs zone.
10:18 of 3rd period - Slapshot by Adam Pardy.
10:18 of 3rd period - Stopped by Ondrej Pavelec without a rebound.
10:19 of 3rd period - Mikko Koivu wins face-off versus Gilbert Brule in Senateurs zone.
10:28 of 3rd period - Snap shot by Jussi Jokinen.
10:28 of 3rd period - Shot Misses the Net.
10:36 of 3rd period - Slapshot by Jussi Jokinen.
10:36 of 3rd period - Goal by Jussi Jokinen - Jets : 1 - Senateurs : 2.
10:37 of 3rd period - Gilbert Brule wins face-off versus Derek Roy in neutral zone.
11:04 of 3rd period - Anton Volchenkov is hit by Brenden Morrow.
12:06 of 3rd period - Snap shot by Vitaly Vishnevsky.
12:06 of 3rd period - Stopped by Kari Lehtonen with a rebound.
12:27 of 3rd period - Slapshot by B.J. Crombeen.
12:27 of 3rd period - Deflect By Brad Richards.
12:27 of 3rd period - Stopped by Kari Lehtonen with a rebound.
12:29 of 3rd period - Snap shot by B.J. Crombeen.
12:29 of 3rd period - Stopped by Kari Lehtonen with a rebound.
13:29 of 3rd period - Off-side.
13:30 of 3rd period - Paul Gaustad wins face-off versus Brad Richards in neutral zone.
13:55 of 3rd period - Michael Rupp is hit by Kurtis Foster and loses puck.
14:06 of 3rd period - Wrist shot by Milan Hejduk.
14:06 of 3rd period - Shot Misses the Net.
14:08 of 3rd period - Slapshot by Dan Hamhuis.
14:08 of 3rd period - Stopped by Kari Lehtonen without a rebound.
14:09 of 3rd period - Derek Roy wins face-off versus Gilbert Brule in Jets zone.
14:16 of 3rd period - Wrist shot by Derek Roy.
14:16 of 3rd period - Stopped by Ondrej Pavelec with a rebound.
14:18 of 3rd period - Slapshot by Tyler Myers.
14:18 of 3rd period - Shot Misses the Net.
14:42 of 3rd period - Snap shot by Mikko Koivu.
14:42 of 3rd period - Shot Misses the Net.
14:44 of 3rd period - Slapshot by Blake Wheeler.
14:44 of 3rd period - Stopped by Ondrej Pavelec without a rebound.
14:45 of 3rd period - Derek Roy wins face-off versus Gilbert Brule in Senateurs zone.
15:36 of 3rd period - Benoit Pouliot is hit by Andy McDonald and loses puck.
15:55 of 3rd period - Snap shot by Benoit Pouliot.
15:55 of 3rd period - Stopped by Ondrej Pavelec with a rebound.
16:13 of 3rd period - Snap shot by George Parros.
16:13 of 3rd period - Stopped by Kari Lehtonen with a rebound.
16:15 of 3rd period - Snap shot by Andrew Ebbett.
16:15 of 3rd period - Goal by Andrew Ebbett - Jets : 1 - Senateurs : 3.
16:16 of 3rd period - Paul Gaustad wins face-off versus Brandon Dubinsky in neutral zone.
16:19 of 3rd period - Kurtis Foster is hit by Anton Volchenkov.
16:41 of 3rd period - Mikko Koivu is hit by Dan Hamhuis and loses puck.
17:37 of 3rd period - Slapshot by Dan Girardi.
17:37 of 3rd period - Shot Misses the Net.
17:39 of 3rd period - Slapshot by Brandon Dubinsky.
17:39 of 3rd period - Stopped by Kari Lehtonen without a rebound.
17:40 of 3rd period - Brandon Dubinsky wins face-off versus Paul Gaustad in Jets zone.
19:12 of 3rd period - Icing by Jussi Jokinen.
19:13 of 3rd period - Gilbert Brule wins face-off versus Mikko Koivu in Jets zone.
19:26 of 3rd period - Wrist shot by Darcy Hordichuk.
19:26 of 3rd period - Stopped by Kari Lehtonen without a rebound.
19:27 of 3rd period - Benoit Pouliot wins face-off versus Brandon Dubinsky in Jets zone.
19:54 of 3rd period - Minor Penalty to Adam Pardy for Holding.
19:55 of 3rd period - Gilbert Brule wins face-off versus Benoit Pouliot in Jets zone.
Goals for this period are 1 for Jets vs 2 for Senateurs.
Shots for this period are 8 for Jets vs 15 for Senateurs.
Back to the Top